 Dungeon Crawl Stone Soup version 0.24-a0-535-gbb0d440638 (webtiles) character file.

Game seed: 15197830002208146981

1094 Napalmbreeze the Fighter (level 8, 0/74 HPs)
             Began as a Hill Orc Fighter on Aug 10, 2019.
             Slain by a sky beast (3 damage)
             ... on level 5 of the Dungeon.
             The game lasted 00:10:35 (4474 turns).

Napalmbreeze the Fighter (Hill Orc Fighter)         Turns: 4474, Time: 00:10:36

Health: 0/74       AC:  3    Str: 26    XL:     8   Next: 31%
Magic:  8/8        EV:  6    Int:  8    God:
Gold:   307        SH: 10    Dex: 10    Spells: 7/7 levels left

rFire    . . .     SeeInvis .   a - +0 war axe
rCold    . . .     Gourm    .   c - +0 shield
rNeg     . . .     Faith    .   j - +0 chain mail
rPois    .         Spirit   .   (no helmet)
rElec    .         Reflect  .   (no cloak)
rCorr    .         Harm     .   s - +0 pair of gloves
MR       .....                  (no boots)
Stlth    ..........             (no amulet)
HPRegen  0.22/turn              (no ring)
MPRegen  0.11/turn              (no ring)

@: mighty, corroded
A: no striking features
a: no special abilities


You were on level 5 of the Dungeon.
You were near starving.

You visited 1 branch of the dungeon, and saw 5 of its levels.

You collected 307 gold pieces.

Inventory:

Hand Weapons
 a - a +0 war axe (weapon)
 p - a +0 battleaxe
 u - a +2 mace of holy wrath
Missiles
 n - 5 javelins (quivered)
 v - 17 poisoned darts
 y - 2 throwing nets
Armour
 c - a +0 shield (worn)
 h - a +0 plate armour
 j - a +0 chain mail (worn)
 s - a +0 pair of gloves (worn)
Jewellery
 x - an uncursed ring of flight
Scrolls
 b - a scroll of fear {unknown}
 e - 2 scrolls of amnesia {unknown}
 g - a scroll of enchant weapon {unknown}
 k - 2 scrolls of teleportation {unknown}
 m - 9 scrolls of identify {unknown}
 q - a scroll of noise {unknown}
 t - 4 scrolls of remove curse {unknown}
Potions
 d - 2 potions of might
 i - a potion of mutation {unknown}
 r - 3 potions of flight {unknown}
 w - a potion of cancellation {unknown}
Comestibles
 f - 7 rations


   Skills:
 * Level 8.1 Fighting
 + Level 6.1 Axes
 + Level 5.7 Armour
 + Level 5.6 Shields


You had 7 spell levels left.
You didn't know any spells.
Your spell library was empty.

Dungeon Overview and Level Annotations

Branches:
Dungeon (5/15)
 Temple: D:4-7

Altars:

Shops:
D:5 [


Message History

Throwing (i - inventory. (/) - cycle)
n - 6 javelins (quivered)
Press: ? - help, Shift-Dir - straight line, f/p - sky beast
Aim: a sky beast (severely wounded)
You throw a javelin.
The javelin pierces through the sky beast but does no damage.
The sky beast is severely wounded.
The sky beast hits you.
* * * LOW HITPOINT WARNING * * *
The sky beast shocks you.
* * * LOW HITPOINT WARNING * * *
You feel very mighty all of a sudden.
The sky beast hits you but does no damage.
You barely miss the sky beast.
The sky beast is severely wounded.
You block the sky beast's attack.
Unknown command.
You closely miss the sky beast.
The sky beast is severely wounded.
The sky beast hits you.
You die...

.. #.# #.# #.# #.# ######### #.#
#.......#####################.##
#.......).............[.........
#>.............@Y.....(.........
##'###...##########.#######.##...
............#######.# #.....≈..
.......<............# #.......#
............################....#
≈≈≈.........'...................#
≈≈≈≈.(......###############.....#
.∩≈≈..####### #.....# ≈≈≈≈[.#
#.....#


You could see a sky beast.

Vanquished Creatures
  An ogre (D:4)
  A bullfrog zombie (D:5)
  3 howler monkeys
  A jelly (D:5)
  A crimson imp (D:5)
  2 gnoll shamans (D:4)
  A bullfrog skeleton (D:3)
  Jessica (D:3)
  5 worker ants
  A hound skeleton (D:4)
  37 gnolls
  6 adders
  An ooze (D:2)
  2 worms
  8 leopard geckos
  14 orcs
  11 bats
  2 giant cockroaches (D:3)
  8 hobgoblins
  16 jackals
  2 quokkas (D:2)
  3 ball pythons
  4 frilled lizards
  8 goblins
  5 kobolds
  7 rats
  A plant (D:4)
152 creatures vanquished.

Notes
Turn   | Place    | Note
-------+----------+-------------------------------------------
     0 | D:1      | Napalmbreeze the Hill Orc Fighter began the quest for the
                  | Orb.
     0 | D:1      | Reached XP level 1. HP: 19/19 MP: 1/1
   435 | D:1      | Reached XP level 2. HP: 27/27 MP: 2/2
   485 | D:1      | Reached skill level 4 in Fighting
  1063 | D:2      | Reached XP level 3. HP: 31/33 MP: 3/3
  1525 | D:2      | Reached XP level 4. HP: 39/41 MP: 4/4
  1918 | D:3      | Reached skill level 5 in Fighting
  1928 | D:3      | Reached XP level 5. HP: 41/48 MP: 5/5
  1977 | D:3      | Noticed Jessica
  2099 | D:3      | Killed Jessica
  2578 | D:4      | Reached XP level 6. HP: 51/57 MP: 6/6
  2857 | D:4      | Reached skill level 6 in Fighting
  3307 | D:4      | Reached XP level 7. HP: 59/64 MP: 7/7
  3376 | D:4      | Reached skill level 5 in Axes
  3579 | D:4      | Reached skill level 5 in Armour
  3584 | D:4      | Reached skill level 5 in Shields
  3599 | D:4      | Reached skill level 7 in Fighting
  3881 | D:4      | Reached XP level 8. HP: 64/73 MP: 8/8
  4244 | D:5      | Entered Level 5 of the Dungeon
  4244 | D:5      | Found Oxistug's Antique Armour Shop.
  4381 | D:5      | Reached skill level 8 in Fighting
  4461 | D:5      | HP: 3/74 [frilled lizard (2)]
  4471 | D:5      | HP: 2/74 [sky beast (6)]
  4474 | D:5      | Slain by a sky beast

Levels and vault maps discovered:
D:1:      kennysheep_arrival_seaside, layout_loops_ring
D:2:      layout_basic, minmay_between
D:3:      layout_basic, uniq_jessica
D:4:      lemuel_castle_with_subvaults [lemuel_castle_interior_carwin_1],
          layout_basic, gup_sewer_entry_bowl, minmay_pentangle
D:5:      layout_basic, minmay_temple_entry_junction_2, serial_shops,
          nicolae_shop_competitors_out_of_business, nicolae_shop_waterfront,
          first_ration, nemelex_xobeh_ov_fountains_minmay

Skill      XL: |  1  2  3  4  5  6  7  8 |
---------------+-------------------------+-----
Axes           | 3 4 5 6 |  6.1
Fighting       | 4 5 6 7 8 |  8.1
Armour         | 4 5 |  5.7
Shields        | 4 5 |  5.6

Action                   |  1- 3 |  4- 6 |  7- 9 || total
-------------------------+-------+-------+-------++-------
Melee: War axe           |   122 |   234 |   201 ||   557
Throw: Javelin           |       |       |     2 ||     2
  Use: Potion            |       |       |     6 ||     6
  Eat: Chunk             |     2 |     7 |     2 ||    11
Armor: Scale mail        |    41 |       |       ||    41
       Chain mail        |    45 |   147 |   111 ||   303
Dodge: Dodged            |    38 |    76 |    53 ||   167
Block: Shield            |    71 |   143 |   120 ||   334

Table legend:
 A = Non-vault XP
 B = Vault XP
 C = Vault XP percentage of total XP
 D = Non-vault monster count
 E = Vault monster count
 F = Vault count percentage of total count
                 A         B        C        D         E       F
            +---------+---------+-------+---------+---------+-------
      Total |     630 |     934 |  59.7 |      83 |      68 |  45.0
            +---------+---------+-------+---------+---------+-------
        D:1 |      24 |       0 |   0.0 |      14 |       0 |   0.0
        D:2 |      48 |      13 |  21.3 |      24 |       4 |  14.3
        D:3 |     111 |      51 |  31.5 |      27 |       2 |   6.9
        D:4 |     113 |     870 |  88.5 |       9 |      62 |  87.3
        D:5 |     334 |       0 |   0.0 |       9 |       0 |   0.0
            +---------+---------+-------+---------+---------+-------
